WCHLSIM.com - West Coast Hockey League
html PUBLIC "-//W3C//DTD XHTML 1.0 Transitional//EN" "http://www.w3.org/TR/xhtml1/DTD/xhtml1-transitional.dtd"> WCHL - Game 914 - ANCHORAGE ACES vs SAN FRANCISCO SPIDERS

ANCHORAGE ACES vs SAN FRANCISCO SPIDERS

Created - 1 avril 2021 at 21:23

Goals
1 2 3 T
ANCHORAGE ACES 2 0 1 3
SAN FRANCISCO SPIDERS 0 0 0 0
Shots
1 2 3 T
ANCHORAGE ACES 19 8 13 40
SAN FRANCISCO SPIDERS 8 10 14 32

1st period

1. ANCHORAGE ACES , Jakob Silfverberg 25 (Phillip Danault 42) at 8:36
2. ANCHORAGE ACES , Jakob Silfverberg 26 (Phillip Danault 43, Chris Kreider 25) at 9:11

Penalties :
James Reimer (ANC) for Slashing (Minor) at 18:19 - Nathan Beaulieu served the penalty.

2nd period

No Goal

Penalties :
Tyler Myers (SAF) for Tripping (Minor) at 11:14

3rd period

3. ANCHORAGE ACES , Nikolaj Ehlers 28 (Connor McDavid 52, Nathan MacKinnon 43) at 5:51

Penalties :
Shea Weber (ANC) for Slashing (Minor) at 14:38

Goalie Stats

James Reimer (ANC), 32 saves from 32 shots - (1,000), W, 14-1-1, 60:00 minutes
Igor Shesterkin (SAF), 37 saves from 40 shots - (0,925), L, 3-19-5, 60:00 minutes

Players Stats for ANCHORAGE ACES

Player Name              G  A  P  +/- PIM S  H  SB GA TA FO     MP     PP MP  PK MP  
------------------------------------------------------------------------------------
Ben Chiarot              0  0  0   1  0   5  0  0  0  0  0/0    23:11   0:54   1:44 
Cal Clutterbuck          0  0  0   0  0   2  2  0  0  0  1/1    14:01   0:00   0:00 
Carl Gunnarsson          0  0  0   1  0   0  0  0  0  0  0/0    12:57   0:00   0:00 
Chris Kreider            0  1  1   2  0   4  0  1  0  0  0/0    21:38   0:54   0:00 
Connor McDavid           0  1  1   1  0   3  0  0  0  0  15/23  20:12   0:54   0:00 
Dominik Simon            0  0  0   0  0   1  0  0  0  0  0/1    15:11   0:00   1:10 
Jacob de la Rose         0  0  0   0  0   0  0  0  0  0  2/4     4:18   0:00   0:00 
Jakob Silfverberg        2  0  2   2  0   5  0  0  0  0  2/4    20:19   1:05   2:48 
Joakim Ryan              0  0  0   0  0   0  0  0  0  0  0/0     2:58   0:00   0:20 
Michael Frolik           0  0  0   0  0   0  0  0  0  0  0/1     4:18   0:00   0:00 
Nate Thompson            0  0  0   0  0   0  1  0  0  0  15/18  15:11   0:00   1:10 
Nathan Beaulieu          0  0  0   1  0   0  2  0  0  0  0/0    13:17   0:00   0:20 
Nathan MacKinnon         0  1  1   1  0   7  0  0  0  0  0/1    20:12   0:54   0:00 
Nikolaj Ehlers           1  0  1   1  0   5  1  0  0  0  0/1    20:23   1:05   0:00 
Phillip Danault          0  2  2   2  0   5  2  0  0  0  19/27  20:19   1:05   2:48 
Seth Jones               0  0  0   1  0   1  2  0  0  0  0/0    24:18   1:05   2:40 
Shea Weber               0  0  0   1  2   0  5  0  0  0  0/0    20:24   1:05   1:25 
Zachary Werenski         0  0  0   1  0   2  0  0  0  0  0/0    22:54   0:54   1:27 

Players Stats for SAN FRANCISCO SPIDERS

Player Name              G  A  P  +/- PIM S  H  SB GA TA FO     MP     PP MP  PK MP  
------------------------------------------------------------------------------------
Alexander Kerfoot        0  0  0  -1  0   3  1  0  0  0  1/1    11:07   0:00   0:05 
Andrei Svechnikov        0  0  0   0  0   5  1  0  0  0  1/2    19:19   2:31   1:08 
Brian Pinho              0  0  0  -1  0   0  0  0  0  0  0/0    11:02   0:00   0:00 
Calle Jarnkrok           0  0  0   0  0   3  0  0  0  0  5/12   11:40   0:36   0:00 
Danton Heinen            0  0  0   0  0   2  0  0  0  0  6/31   19:19   2:31   1:08 
Darnell Nurse            0  0  0  -3  0   3  2  1  0  0  0/0    22:14   2:14   1:36 
Dominik Kahun            0  0  0   0  0   1  0  0  0  0  0/1    11:04   0:00   0:00 
Eric Robinson            0  0  0  -2  0   0  0  0  0  0  0/2    16:17   0:00   0:00 
Erik Haula               0  0  0  -1  0   1  1  0  0  0  7/12   13:20   1:27   0:51 
Jordan Oesterle          0  0  0   0  0   3  0  0  0  0  0/0    18:30   0:00   0:46 
Kirby Dach               0  0  0  -2  0   7  1  0  0  0  5/17   17:44   1:27   0:00 
Michael Stone            0  0  0   0  0   0  1  0  0  0  0/0    20:36   2:17   1:08 
Milan Lucic              0  0  0   0  0   1  1  0  0  0  2/2    18:57   2:31   0:46 
Nate Schmidt             0  0  0  -3  0   1  1  3  0  0  0/0    17:35   0:00   0:05 
Nico Sturm               0  0  0  -2  0   1  0  0  0  0  0/0    17:08   0:51   0:00 
Owen Tippett             0  0  0   0  0   0  4  0  0  0  0/1    11:04   0:00   0:00 
Sean Walker              0  0  0   0  0   0  3  2  0  0  0/0    20:02   1:44   0:23 
Tyler Myers              0  0  0   0  2   1  2  0  0  0  0/0    21:02   1:41   0:00 

3 Stars

1 - James Reimer (ANC)
2 - Jakob Silfverberg (ANC)
3 - Phillip Danault (ANC)

Power Play

ANCHORAGE ACES - 0 on 1 Attempt(s) - 0,00%
SAN FRANCISCO SPIDERS - 0 on 2 Attempt(s) - 0,00%

Penalty Kill

ANCHORAGE ACES - 2 on 2 Attempt(s) - 100,00% - Score 0 goal in Penalty Kill
SAN FRANCISCO SPIDERS - 1 on 1 Attempt(s) - 100,00% - Score 0 goal in Penalty Kill

Team Stat

ANCHORAGE ACES - Hits : 15 - Faceoff Wins : 54 - Blocked Shots : 1 - Penalty Minutes : 4
SAN FRANCISCO SPIDERS - Hits : 18 - Faceoff Wins : 27 - Blocked Shots : 6 - Penalty Minutes : 2

Official

Referees : Marc Joannette and Mike Sheehan
Linesman : Jaime Alary and Kyle Larson

Game Notes

No Game Note

Finance

Level 1 -- Attendance: 5709 (93,51%) -- Ticket Income 856 350 $
Level 2 -- Attendance: 4782 (92,32%) -- Ticket Income 478 200 $
Level 3 -- Attendance: 2035 (100,00%) -- Ticket Income 162 800 $
Level 4 -- Attendance: 3160 (75,60%) -- Ticket Income 189 600 $
Luxury Box -- Attendance: 717 (71,70%) -- Ticket Income 215 100 $
Game was played at the Bay Area Sports Center.
Total Attendance: 16403 (88,66%)
Total Ticket Income: 1 902 050 $
Other Expense: 19 020 $
Total Income: 1 883 030 $

ANCHORAGE ACES

5 vs 5 Forward 
   Center                   Left Wing                Right Wing               Time % Phy DF OF 
 1 Connor McDavid           Nikolaj Ehlers           Nathan MacKinnon         35     0   0  5  
 2 Phillip Danault          Chris Kreider            Jakob Silfverberg        35     0   1  4  
 3 Nate Thompson            Dominik Simon            Cal Clutterbuck          20     1   2  2  
 4 Jacob de la Rose         Chris Kreider            Michael Frolik           10     1   2  2  

5 vs 5 Defense 
   Defense                  Defense                                           Time % Phy DF OF 
 1 Shea Weber               Seth Jones                                        38     1   2  2  
 2 Zachary Werenski         Ben Chiarot                                       33     1   2  2  
 3 Carl Gunnarsson          Nathan Beaulieu                                   23     1   2  2  
 4 Joakim Ryan              Seth Jones                                        6      1   2  2  

PowerPlay Forward 
   Center                   Left Wing                Right Wing               Time % Phy DF OF 
 1 Nathan MacKinnon         Chris Kreider            Connor McDavid           55     0   0  5  
 2 Phillip Danault          Nikolaj Ehlers           Jakob Silfverberg        45     0   0  5  

PowerPlay Defense
   Defense                  Defense                                           Time % Phy DF OF 
 1 Shea Weber               Seth Jones                                        55     1   2  2  
 2 Zachary Werenski         Ben Chiarot                                       45     1   2  2  

Penalty Kill 4 Players Forward 
   Center                   Wing                     Time % Phy DF OF 
 1 Phillip Danault          Jakob Silfverberg        55     1   3  1  
 2 Nate Thompson            Dominik Simon            45     1   3  1  

Penalty Kill 4 Players Defense
   Defense                  Defense                  Time % Phy DF OF 
 1 Seth Jones               Shea Weber               55     1   3  1  
 2 Ben Chiarot              Zachary Werenski         45     1   3  1  

Penalty Kill - 3 Players Forward 
   Forward                                           Time % Phy DF OF 
 1 Phillip Danault                                   55     0   5  0  
 2 Nate Thompson                                     45     0   5  0  

Penalty Kill - 3 Players Defense
   Defense                  Defense                  Time % Phy DF OF 
 1 Seth Jones               Shea Weber               55     0   5  0  
 2 Nathan Beaulieu          Carl Gunnarsson          45     0   5  0  

4 vs 4 Forward 
   Center                   Wing                     Time % Phy DF OF 
 1 Connor McDavid           Nathan MacKinnon         55     1   2  2  
 2 Phillip Danault          Chris Kreider            45     1   2  2  

4 vs 4 Defense
   Defense                  Defense                  Time % Phy DF OF 
 1 Shea Weber               Seth Jones               55     1   2  2  
 2 Carl Gunnarsson          Nathan Beaulieu          45     1   2  2  

Last Minutes Offensive
   Center                   Left Wing                Right Wing               Defense                  Defense                  
   Nathan MacKinnon         Nikolaj Ehlers           Connor McDavid           Shea Weber               Seth Jones               

Last Minutes Defensive
   Center                   Left Wing                Right Wing               Defense                  Defense                  
   Phillip Danault          Chris Kreider            Jakob Silfverberg        Shea Weber               Seth Jones               

Goaltenders
Starting : James Reimer             
Backup : Carey Price              

Extra Forwards
Normal : Phillip Danault, Nathan MacKinnon, Connor McDavid - PP : Chris Kreider, Jakob Silfverberg - PK : Jacob de la Rose
Extra Defensemen
Normal : Seth Jones, Shea Weber, Zachary Werenski - PP : Seth Jones - PK : Ben Chiarot, Shea Weber
Penalty Shots
Nathan MacKinnon, Connor McDavid, Nikolaj Ehlers, Chris Kreider, Jakob Silfverberg
Custom OT Lines Forwards
Nathan MacKinnon, Nikolaj Ehlers, Connor McDavid, Chris Kreider, Phillip Danault, Jakob Silfverberg, Dominik Simon, Nate Thompson, Jacob de la Rose, Michael Frolik
Custom OT Lines Defensemen
Seth Jones, Shea Weber, Zachary Werenski, Ben Chiarot, Carl Gunnarsson

Scratches
Artturi Lehkonen (Broken Right Foot Toe Injury), Curtis Lazar (Right Hand Injury), Robert Bortuzzo (Healthy)

SAN FRANCISCO SPIDERS

5 vs 5 Forward 
   Center                   Left Wing                Right Wing               Time % Phy DF OF 
 1 Danton Heinen            Milan Lucic              Andrei Svechnikov        30     0   0  5  
 2 Kirby Dach               Eric Robinson            Nico Sturm               30     0   0  5  
 3 Calle Jarnkrok           Dominik Kahun            Owen Tippett             20     0   0  5  
 4 Erik Haula               Alexander Kerfoot        Brian Pinho              20     0   0  5  

5 vs 5 Defense 
   Defense                  Defense                                           Time % Phy DF OF 
 1 Jordan Oesterle          Michael Stone                                     34     0   5  0  
 2 Tyler Myers              Sean Walker                                       33     0   5  0  
 3 Nate Schmidt             Darnell Nurse                                     32     0   5  0  
 4 Darnell Nurse            Tyler Myers                                       1      0   5  0  

PowerPlay Forward 
   Center                   Left Wing                Right Wing               Time % Phy DF OF 
 1 Danton Heinen            Milan Lucic              Andrei Svechnikov        55     0   1  4  
 2 Erik Haula               Kirby Dach               Nico Sturm               45     0   1  4  

PowerPlay Defense
   Defense                  Defense                                           Time % Phy DF OF 
 1 Michael Stone            Sean Walker                                       55     0   3  2  
 2 Darnell Nurse            Tyler Myers                                       45     0   3  2  

Penalty Kill 4 Players Forward 
   Center                   Wing                     Time % Phy DF OF 
 1 Danton Heinen            Andrei Svechnikov        55     0   4  1  
 2 Milan Lucic              Erik Haula               45     0   4  1  

Penalty Kill 4 Players Defense
   Defense                  Defense                  Time % Phy DF OF 
 1 Jordan Oesterle          Sean Walker              55     0   5  0  
 2 Darnell Nurse            Tyler Myers              45     0   5  0  

Penalty Kill - 3 Players Forward 
   Forward                                           Time % Phy DF OF 
 1 Erik Haula                                        55     0   5  0  
 2 Andrei Svechnikov                                 45     0   5  0  

Penalty Kill - 3 Players Defense
   Defense                  Defense                  Time % Phy DF OF 
 1 Sean Walker              Jordan Oesterle          55     0   5  0  
 2 Darnell Nurse            Tyler Myers              45     0   5  0  

4 vs 4 Forward 
   Center                   Wing                     Time % Phy DF OF 
 1 Milan Lucic              Andrei Svechnikov        55     1   1  3  
 2 Kirby Dach               Erik Haula               45     1   1  3  

4 vs 4 Defense
   Defense                  Defense                  Time % Phy DF OF 
 1 Michael Stone            Sean Walker              55     1   3  1  
 2 Tyler Myers              Darnell Nurse            45     0   5  0  

Last Minutes Offensive
   Center                   Left Wing                Right Wing               Defense                  Defense                  
   Erik Haula               Eric Robinson            Andrei Svechnikov        Tyler Myers              Michael Stone            

Last Minutes Defensive
   Center                   Left Wing                Right Wing               Defense                  Defense                  
   Erik Haula               Eric Robinson            Andrei Svechnikov        Tyler Myers              Michael Stone            

Goaltenders
Starting : Igor Shesterkin          
Backup : Collin Delia             

Extra Forwards
Normal : Kirby Dach, Nico Sturm, Danton Heinen - PP : Kirby Dach, Nico Sturm - PK : Danton Heinen
Extra Defensemen
Normal : Sean Walker, Darnell Nurse, Tyler Myers - PP : Tyler Myers - PK : Tyler Myers, Darnell Nurse
Penalty Shots
Danton Heinen, Andrei Svechnikov, Nico Sturm, Erik Haula, Milan Lucic
Custom OT Lines Forwards
Eric Robinson, Andrei Svechnikov, Nico Sturm, Erik Haula, Milan Lucic, Calle Jarnkrok, Danton Heinen, Dominik Kahun, Alexander Kerfoot, Kirby Dach
Custom OT Lines Defensemen
Tyler Myers, Darnell Nurse, Jordan Oesterle, Sean Walker, Nate Schmidt

Scratches
Michael Anderson (Right Foot Injury), Alex Chiasson (Bruised Right Foot Injury), Malcolm Subban (Lacerated Left Calf Injury)

% Time on Ice - ANCHORAGE ACES

Lines # - Real PCT - Wanted PCT - Time Play
Normal Forward
1 - 36% - 35% - 19:18
2 - 30% - 35% - 16:26
3 - 26% - 20% - 14:01
4 - 8% - 10% - 4:18
Normal Defense
1 - 33% - 38% - 17:55
2 - 38% - 33% - 20:33
3 - 24% - 23% - 12:57
4 - 5% - 6% - 2:38
PP Forward
1 - 45% - 55% - 0:54
2 - 55% - 45% - 1:05
PP Defense
1 - 55% - 55% - 1:05
2 - 45% - 45% - 0:54
PK Forward
1 - 71% - 55% - 2:48
2 - 29% - 45% - 1:10
PK Defense
1 - 76% - 55% - 3:00
2 - 24% - 45% - 0:58
PK3 Forward
1 - 0% - 55%
2 - 0% - 45%
PK3 Defense
1 - 0% - 55%
2 - 0% - 45%
44 Forward
1 - 0% - 55%
2 - 0% - 45%
44 Defense
1 - 0% - 55%
2 - 0% - 45%
Last Minute Offensive  - 0:00
Last Minute Defensive  - 0:00
Total
Forward - 60:00
Defense - 60:00

% Time on Ice - SAN FRANCISCO SPIDERS

Lines # - Real PCT - Wanted PCT - Time Play
Normal Forward
1 - 29% - 30% - 15:40
2 - 30% - 30% - 16:17
3 - 20% - 20% - 11:04
4 - 20% - 20% - 11:02
Normal Defense
1 - 32% - 34% - 17:11
2 - 33% - 33% - 17:55
3 - 32% - 32% - 17:30
4 - 3% - 1% - 1:27
PP Forward
1 - 63% - 55% - 2:31
2 - 37% - 45% - 1:27
PP Defense
1 - 44% - 55% - 1:44
2 - 56% - 45% - 2:14
PK Forward
1 - 57% - 55% - 1:08
2 - 43% - 45% - 0:51
PK Defense
1 - 19% - 55% - 0:23
2 - 81% - 45% - 1:36
PK3 Forward
1 - 0% - 55%
2 - 0% - 45%
PK3 Defense
1 - 0% - 55%
2 - 0% - 45%
44 Forward
1 - 0% - 55%
2 - 0% - 45%
44 Defense
1 - 0% - 55%
2 - 0% - 45%
Last Minute Offensive  - 0:00
Last Minute Defensive  - 0:00
Total
Forward - 60:00
Defense - 60:00

Play-by-Play

1st period


0:01 of 1st period - Connor McDavid wins face-off versus Danton Heinen in neutral zone.
0:22 of 1st period - Shot by Nikolaj Ehlers.
0:22 of 1st period - Stopped by Igor Shesterkin with a rebound.
0:24 of 1st period - Shot by Seth Jones.
0:24 of 1st period - Shot Misses the Net.
0:26 of 1st period - Shot by Seth Jones.
0:26 of 1st period - Stopped by Igor Shesterkin without a rebound.
0:27 of 1st period - Phillip Danault wins face-off versus Kirby Dach in SAN FRANCISCO SPIDERS zone.
0:30 of 1st period - Shot by Jakob Silfverberg.
0:30 of 1st period - Deflect By Chris Kreider.
0:30 of 1st period - Shot Misses the Net.
0:44 of 1st period - Shot by Phillip Danault.
0:44 of 1st period - Stopped by Igor Shesterkin without a rebound.
0:45 of 1st period - Nate Thompson wins face-off versus Calle Jarnkrok in SAN FRANCISCO SPIDERS zone.
1:14 of 1st period - Shot by Dominik Simon.
1:14 of 1st period - Shot Misses the Net.
1:51 of 1st period - Shot by Chris Kreider.
1:51 of 1st period - Stopped by Igor Shesterkin without a rebound.
1:52 of 1st period - Erik Haula wins face-off versus Connor McDavid in SAN FRANCISCO SPIDERS zone.
1:56 of 1st period - Tyler Myers is hit by Seth Jones and loses puck.
2:29 of 1st period - Shot by Erik Haula.
2:29 of 1st period - Stopped by James Reimer without a rebound.
2:30 of 1st period - Kirby Dach wins face-off versus Michael Frolik in ANCHORAGE ACES zone.
2:31 of 1st period - Shot by Jordan Oesterle.
2:31 of 1st period - Shot Misses the Net.
3:39 of 1st period - Shot by Cal Clutterbuck.
3:39 of 1st period - Shot Misses the Net.
4:25 of 1st period - Shot by Nathan MacKinnon.
4:25 of 1st period - Stopped by Igor Shesterkin without a rebound.
4:26 of 1st period - Danton Heinen wins face-off versus Jakob Silfverberg in SAN FRANCISCO SPIDERS zone.
4:26 of 1st period - Danton Heinen is hit by Phillip Danault.
4:38 of 1st period - Shot by Phillip Danault.
4:38 of 1st period - Stopped by Igor Shesterkin without a rebound.
4:39 of 1st period - Erik Haula wins face-off versus Connor McDavid in SAN FRANCISCO SPIDERS zone.
4:57 of 1st period - Shot by Connor McDavid.
4:57 of 1st period - Stopped by Igor Shesterkin without a rebound.
4:58 of 1st period - Phillip Danault wins face-off versus Danton Heinen in SAN FRANCISCO SPIDERS zone.
4:59 of 1st period - Shot by Jakob Silfverberg.
4:59 of 1st period - Stopped by Igor Shesterkin without a rebound.
5:00 of 1st period - Phillip Danault wins face-off versus Danton Heinen in SAN FRANCISCO SPIDERS zone.
5:07 of 1st period - Shot by Phillip Danault.
5:07 of 1st period - Shot Blocked by Sean Walker.
5:09 of 1st period - Shot by Phillip Danault.
5:09 of 1st period - Shot Misses the Net.
5:11 of 1st period - Shot by Phillip Danault.
5:11 of 1st period - Deflect By Chris Kreider.
5:11 of 1st period - Stopped by Igor Shesterkin with a rebound.
5:13 of 1st period - Shot by Phillip Danault.
5:13 of 1st period - Stopped by Igor Shesterkin without a rebound.
5:14 of 1st period - Connor McDavid wins face-off versus Erik Haula in SAN FRANCISCO SPIDERS zone.
5:28 of 1st period - Alexander Kerfoot is hit by Nathan Beaulieu and loses puck.
6:06 of 1st period - Nathan MacKinnon is hit by Erik Haula and loses puck.
6:14 of 1st period - Icing by Connor McDavid.
6:15 of 1st period - Connor McDavid wins face-off versus Danton Heinen in ANCHORAGE ACES zone.
7:20 of 1st period - Icing by Andrei Svechnikov.
7:21 of 1st period - Nate Thompson wins face-off versus Danton Heinen in SAN FRANCISCO SPIDERS zone.
8:30 of 1st period - Shot by Nathan MacKinnon.
8:30 of 1st period - Stopped by Igor Shesterkin without a rebound.
8:31 of 1st period - Phillip Danault wins face-off versus Kirby Dach in SAN FRANCISCO SPIDERS zone.
8:36 of 1st period - Shot by Jakob Silfverberg.
8:36 of 1st period - Goal by Jakob Silfverberg - ANCHORAGE ACES : 1 - SAN FRANCISCO SPIDERS : 0.
8:37 of 1st period - Phillip Danault wins face-off versus Kirby Dach in neutral zone.
8:51 of 1st period - Shot by Chris Kreider.
8:51 of 1st period - Shot Misses the Net.
9:07 of 1st period - Shot by Chris Kreider.
9:07 of 1st period - Shot Misses the Net.
9:09 of 1st period - Shot by Phillip Danault.
9:09 of 1st period - Shot Hit the Post.
9:11 of 1st period - Shot by Jakob Silfverberg.
9:11 of 1st period - Goal by Jakob Silfverberg - ANCHORAGE ACES : 2 - SAN FRANCISCO SPIDERS : 0.
9:12 of 1st period - Connor McDavid wins face-off versus Erik Haula in neutral zone.
9:38 of 1st period - Shot by Connor McDavid.
9:38 of 1st period - Shot Misses the Net.
10:09 of 1st period - Off-side.
10:10 of 1st period - Phillip Danault wins face-off versus Danton Heinen in neutral zone.
10:35 of 1st period - Milan Lucic is hit by Seth Jones.
10:57 of 1st period - Shot by Phillip Danault.
10:57 of 1st period - Stopped by Igor Shesterkin without a rebound.
10:58 of 1st period - Nate Thompson wins face-off versus Kirby Dach in SAN FRANCISCO SPIDERS zone.
11:14 of 1st period - Icing by Nathan Beaulieu.
11:15 of 1st period - Calle Jarnkrok wins face-off versus Dominik Simon in ANCHORAGE ACES zone.
11:39 of 1st period - Icing by Darnell Nurse.
11:40 of 1st period - Phillip Danault wins face-off versus Calle Jarnkrok in SAN FRANCISCO SPIDERS zone.
11:43 of 1st period - Shot by Chris Kreider.
11:43 of 1st period - Shot Blocked by Nate Schmidt.
12:10 of 1st period - Icing by Dominik Kahun.
12:11 of 1st period - Calle Jarnkrok wins face-off versus Connor McDavid in SAN FRANCISCO SPIDERS zone.
12:27 of 1st period - Icing by Ben Chiarot.
12:28 of 1st period - Kirby Dach wins face-off versus Connor McDavid in ANCHORAGE ACES zone.
12:31 of 1st period - Shot by Kirby Dach.
12:31 of 1st period - Stopped by James Reimer without a rebound.
12:32 of 1st period - Danton Heinen wins face-off versus Jacob de la Rose in ANCHORAGE ACES zone.
12:39 of 1st period - Shot by Andrei Svechnikov.
12:39 of 1st period - Stopped by James Reimer without a rebound.
12:40 of 1st period - Phillip Danault wins face-off versus Kirby Dach in ANCHORAGE ACES zone.
12:53 of 1st period - Shot by Jakob Silfverberg.
12:53 of 1st period - Stopped by Igor Shesterkin with a rebound.
13:04 of 1st period - Shot by Kirby Dach.
13:04 of 1st period - Stopped by James Reimer without a rebound.
13:05 of 1st period - Connor McDavid wins face-off versus Danton Heinen in ANCHORAGE ACES zone.
13:15 of 1st period - Nikolaj Ehlers is hit by Sean Walker and loses puck.
13:36 of 1st period - Shot by Danton Heinen.
13:36 of 1st period - Shot Misses the Net.
14:23 of 1st period - Shot by Kirby Dach.
14:23 of 1st period - Stopped by James Reimer with a rebound.
14:25 of 1st period - Shot by Jordan Oesterle.
14:25 of 1st period - Stopped by James Reimer without a rebound.
14:26 of 1st period - Erik Haula wins face-off versus Jacob de la Rose in ANCHORAGE ACES zone.
15:04 of 1st period - Shot by Chris Kreider.
15:04 of 1st period - Stopped by Igor Shesterkin without a rebound.
15:05 of 1st period - Calle Jarnkrok wins face-off versus Nate Thompson in SAN FRANCISCO SPIDERS zone.
15:15 of 1st period - Off-side.
15:16 of 1st period - Andrei Svechnikov wins face-off versus Nate Thompson in neutral zone.
15:23 of 1st period - Shot by Danton Heinen.
15:23 of 1st period - Stopped by James Reimer without a rebound.
15:24 of 1st period - Kirby Dach wins face-off versus Phillip Danault in ANCHORAGE ACES zone.
16:24 of 1st period - Icing by Phillip Danault.
16:25 of 1st period - Phillip Danault wins face-off versus Dominik Kahun in ANCHORAGE ACES zone.
16:25 of 1st period - Phillip Danault is hit by Owen Tippett.
16:28 of 1st period - Jakob Silfverberg is hit by Owen Tippett and loses puck.
17:04 of 1st period - Icing by Chris Kreider.
17:05 of 1st period - Phillip Danault wins face-off versus Danton Heinen in ANCHORAGE ACES zone.
17:35 of 1st period - Nathan MacKinnon is hit by Darnell Nurse and loses puck.
17:55 of 1st period - Icing by Seth Jones.
17:56 of 1st period - Connor McDavid wins face-off versus Eric Robinson in ANCHORAGE ACES zone.
18:01 of 1st period - Shot by Nathan MacKinnon.
18:01 of 1st period - Stopped by Igor Shesterkin without a rebound.
18:02 of 1st period - Nate Thompson wins face-off versus Kirby Dach in SAN FRANCISCO SPIDERS zone.
18:03 of 1st period - Shot by Dominik Simon.
18:03 of 1st period - Deflect By Cal Clutterbuck.
18:03 of 1st period - Stopped by Igor Shesterkin without a rebound.
18:04 of 1st period - Nate Thompson wins face-off versus Kirby Dach in SAN FRANCISCO SPIDERS zone.
18:19 of 1st period - Shot by Kirby Dach.
18:19 of 1st period - Stopped by James Reimer without a rebound.
18:19 of 1st period - Minor Penalty to James Reimer for Slashing.
18:20 of 1st period - Phillip Danault wins face-off versus Danton Heinen in ANCHORAGE ACES zone.
18:27 of 1st period - Icing by Andrei Svechnikov.
18:28 of 1st period - Danton Heinen wins face-off versus Phillip Danault in SAN FRANCISCO SPIDERS zone.
18:28 of 1st period - Danton Heinen is hit by Phillip Danault.
18:34 of 1st period - Shot by Andrei Svechnikov.
18:34 of 1st period - Shot Misses the Net.
18:38 of 1st period - Shot by Andrei Svechnikov.
18:38 of 1st period - Shot Misses the Net.
18:54 of 1st period - Icing by Michael Stone.
18:55 of 1st period - Nate Thompson wins face-off versus Danton Heinen in SAN FRANCISCO SPIDERS zone.
19:08 of 1st period - Shot by Zachary Werenski.
19:08 of 1st period - Stopped by Igor Shesterkin without a rebound.
19:09 of 1st period - Kirby Dach wins face-off versus Jakob Silfverberg in SAN FRANCISCO SPIDERS zone.
19:27 of 1st period - Jakob Silfverberg is hit by Kirby Dach and loses puck.
Goals for this period are 2 for ANCHORAGE ACES vs 0 for SAN FRANCISCO SPIDERS.
Shots for this period are 19 for ANCHORAGE ACES vs 8 for SAN FRANCISCO SPIDERS.

2nd period


0:01 of 2nd period - Danton Heinen wins face-off versus Phillip Danault in neutral zone.
1:02 of 2nd period - Shot by Nikolaj Ehlers.
1:02 of 2nd period - Shot Blocked by Nate Schmidt.
2:26 of 2nd period - Shot by Nico Sturm.
2:26 of 2nd period - Stopped by James Reimer without a rebound.
2:27 of 2nd period - Connor McDavid wins face-off versus Calle Jarnkrok in ANCHORAGE ACES zone.
3:19 of 2nd period - Off-side.
3:20 of 2nd period - Kirby Dach wins face-off versus Phillip Danault in neutral zone.
3:29 of 2nd period - Shot by Kirby Dach.
3:29 of 2nd period - Stopped by James Reimer with a rebound.
3:47 of 2nd period - Shot by Jakob Silfverberg.
3:47 of 2nd period - Stopped by Igor Shesterkin without a rebound.
3:48 of 2nd period - Nate Thompson wins face-off versus Danton Heinen in SAN FRANCISCO SPIDERS zone.
3:49 of 2nd period - Shot by Dominik Simon.
3:49 of 2nd period - Stopped by Igor Shesterkin without a rebound.
3:50 of 2nd period - Connor McDavid wins face-off versus Danton Heinen in SAN FRANCISCO SPIDERS zone.
3:55 of 2nd period - Shot by Nathan MacKinnon.
3:55 of 2nd period - Stopped by Igor Shesterkin with a rebound.
3:57 of 2nd period - Shot by Zachary Werenski.
3:57 of 2nd period - Shot Misses the Net.
3:59 of 2nd period - Shot by Nathan MacKinnon.
3:59 of 2nd period - Shot Misses the Net.
4:01 of 2nd period - Shot by Ben Chiarot.
4:01 of 2nd period - Stopped by Igor Shesterkin without a rebound.
4:02 of 2nd period - Jacob de la Rose wins face-off versus Kirby Dach in SAN FRANCISCO SPIDERS zone.
4:30 of 2nd period - Shot by Chris Kreider.
4:30 of 2nd period - Stopped by Igor Shesterkin without a rebound.
4:31 of 2nd period - Nate Thompson wins face-off versus Danton Heinen in SAN FRANCISCO SPIDERS zone.
4:32 of 2nd period - Shot by Dominik Simon.
4:32 of 2nd period - Deflect By Nate Thompson.
4:32 of 2nd period - Shot Misses the Net.
4:46 of 2nd period - Shot by Milan Lucic.
4:46 of 2nd period - Stopped by James Reimer without a rebound.
4:47 of 2nd period - Erik Haula wins face-off versus Connor McDavid in ANCHORAGE ACES zone.
4:48 of 2nd period - Shot by Alexander Kerfoot.
4:48 of 2nd period - Shot Misses the Net.
4:52 of 2nd period - Shot by Darnell Nurse.
4:52 of 2nd period - Stopped by James Reimer with a rebound.
6:03 of 2nd period - Icing by Danton Heinen.
6:04 of 2nd period - Nate Thompson wins face-off versus Danton Heinen in SAN FRANCISCO SPIDERS zone.
6:05 of 2nd period - Shot by Dominik Simon.
6:05 of 2nd period - Shot Misses the Net.
6:14 of 2nd period - Nate Thompson is hit by Michael Stone and loses puck.
6:20 of 2nd period - Icing by Andrei Svechnikov.
6:21 of 2nd period - Phillip Danault wins face-off versus Danton Heinen in SAN FRANCISCO SPIDERS zone.
6:48 of 2nd period - Shot by Jakob Silfverberg.
6:48 of 2nd period - Shot Misses the Net.
6:58 of 2nd period - Ben Chiarot is hit by Andrei Svechnikov and loses puck.
7:27 of 2nd period - Shot by Nikolaj Ehlers.
7:27 of 2nd period - Shot Blocked by Sean Walker.
7:29 of 2nd period - Shot by Connor McDavid.
7:29 of 2nd period - Shot Hit the Post.
7:33 of 2nd period - Shot by Nathan MacKinnon.
7:33 of 2nd period - Stopped by Igor Shesterkin without a rebound.
7:34 of 2nd period - Calle Jarnkrok wins face-off versus Nate Thompson in SAN FRANCISCO SPIDERS zone.
7:34 of 2nd period - Calle Jarnkrok is hit by Nate Thompson.
7:48 of 2nd period - Shot by Calle Jarnkrok.
7:48 of 2nd period - Stopped by James Reimer without a rebound.
7:49 of 2nd period - Erik Haula wins face-off versus Connor McDavid in ANCHORAGE ACES zone.
7:54 of 2nd period - Shot by Alexander Kerfoot.
7:54 of 2nd period - Stopped by James Reimer with a rebound.
8:02 of 2nd period - Shot by Erik Haula.
8:02 of 2nd period - Shot Misses the Net.
8:18 of 2nd period - Shot by Connor McDavid.
8:18 of 2nd period - Shot Misses the Net.
9:48 of 2nd period - Icing by Darnell Nurse.
9:49 of 2nd period - Connor McDavid wins face-off versus Kirby Dach in SAN FRANCISCO SPIDERS zone.
11:14 of 2nd period - Minor Penalty to Tyler Myers for Tripping.
11:15 of 2nd period - Phillip Danault wins face-off versus Danton Heinen in SAN FRANCISCO SPIDERS zone.
11:16 of 2nd period - Shot by Jakob Silfverberg.
11:16 of 2nd period - Shot Blocked by Darnell Nurse.
11:30 of 2nd period - Shot by Jakob Silfverberg.
11:30 of 2nd period - Shot Misses the Net.
11:50 of 2nd period - Shot by Phillip Danault.
11:50 of 2nd period - Stopped by Igor Shesterkin without a rebound.
11:51 of 2nd period - Connor McDavid wins face-off versus Danton Heinen in SAN FRANCISCO SPIDERS zone.
12:12 of 2nd period - Shot by Nathan MacKinnon.
12:12 of 2nd period - Shot Misses the Net.
12:14 of 2nd period - Shot by Nathan MacKinnon.
12:14 of 2nd period - Shot Misses the Net.
12:22 of 2nd period - Shot by Connor McDavid.
12:22 of 2nd period - Deflect By Nathan MacKinnon.
12:22 of 2nd period - Shot Misses the Net.
12:26 of 2nd period - Shot by Nathan MacKinnon.
12:26 of 2nd period - Shot Misses the Net.
12:28 of 2nd period - Shot by Nathan MacKinnon.
12:28 of 2nd period - Shot Misses the Net.
12:30 of 2nd period - Shot by Nathan MacKinnon.
12:30 of 2nd period - Shot Misses the Net.
14:42 of 2nd period - Shot by Chris Kreider.
14:42 of 2nd period - Shot Misses the Net.
14:44 of 2nd period - Shot by Seth Jones.
14:44 of 2nd period - Shot Misses the Net.
15:24 of 2nd period - Shot by Nikolaj Ehlers.
15:24 of 2nd period - Deflect By Nathan MacKinnon.
15:24 of 2nd period - Shot Misses the Net.
15:26 of 2nd period - Shot by Nathan MacKinnon.
15:26 of 2nd period - Shot Misses the Net.
15:28 of 2nd period - Shot by Ben Chiarot.
15:28 of 2nd period - Shot Misses the Net.
15:30 of 2nd period - Shot by Nathan MacKinnon.
15:30 of 2nd period - Shot Misses the Net.
15:32 of 2nd period - Shot by Ben Chiarot.
15:32 of 2nd period - Stopped by Igor Shesterkin without a rebound.
15:33 of 2nd period - Erik Haula wins face-off versus Phillip Danault in SAN FRANCISCO SPIDERS zone.
16:45 of 2nd period - Nate Schmidt is hit by Cal Clutterbuck and loses puck.
16:53 of 2nd period - Icing by Darnell Nurse.
16:54 of 2nd period - Danton Heinen wins face-off versus Nikolaj Ehlers in SAN FRANCISCO SPIDERS zone.
17:18 of 2nd period - Shot by Calle Jarnkrok.
17:18 of 2nd period - Shot Misses the Net.
18:24 of 2nd period - Shot by Alexander Kerfoot.
18:24 of 2nd period - Stopped by James Reimer without a rebound.
18:25 of 2nd period - Nate Thompson wins face-off versus Danton Heinen in ANCHORAGE ACES zone.
18:39 of 2nd period - Shot by Andrei Svechnikov.
18:39 of 2nd period - Deflect By Danton Heinen.
18:39 of 2nd period - Stopped by James Reimer with a rebound.
18:41 of 2nd period - Shot by Andrei Svechnikov.
18:41 of 2nd period - Stopped by James Reimer with a rebound.
18:43 of 2nd period - Shot by Tyler Myers.
18:43 of 2nd period - Stopped by James Reimer without a rebound.
18:44 of 2nd period - Phillip Danault wins face-off versus Owen Tippett in ANCHORAGE ACES zone.
Goals for this period are 0 for ANCHORAGE ACES vs 0 for SAN FRANCISCO SPIDERS.
Shots for this period are 8 for ANCHORAGE ACES vs 10 for SAN FRANCISCO SPIDERS.

3rd period


0:01 of 3rd period - Danton Heinen wins face-off versus Phillip Danault in neutral zone.
0:27 of 3rd period - Danton Heinen is hit by Shea Weber.
0:44 of 3rd period - Andrei Svechnikov is hit by Shea Weber and loses puck.
1:11 of 3rd period - Shot by Kirby Dach.
1:11 of 3rd period - Stopped by James Reimer without a rebound.
1:12 of 3rd period - Connor McDavid wins face-off versus Calle Jarnkrok in ANCHORAGE ACES zone.
1:12 of 3rd period - Connor McDavid is hit by Owen Tippett.
1:23 of 3rd period - Nikolaj Ehlers is hit by Nate Schmidt.
1:30 of 3rd period - Shot by Zachary Werenski.
1:30 of 3rd period - Shot Blocked by Nate Schmidt.
1:32 of 3rd period - Shot by Zachary Werenski.
1:32 of 3rd period - Shot Misses the Net.
1:34 of 3rd period - Shot by Ben Chiarot.
1:34 of 3rd period - Stopped by Igor Shesterkin without a rebound.
1:35 of 3rd period - Nate Thompson wins face-off versus Eric Robinson in SAN FRANCISCO SPIDERS zone.
1:40 of 3rd period - Shot by Cal Clutterbuck.
1:40 of 3rd period - Stopped by Igor Shesterkin without a rebound.
1:41 of 3rd period - Connor McDavid wins face-off versus Kirby Dach in SAN FRANCISCO SPIDERS zone.
2:23 of 3rd period - Icing by Ben Chiarot.
2:24 of 3rd period - Connor McDavid wins face-off versus Danton Heinen in ANCHORAGE ACES zone.
2:31 of 3rd period - Andrei Svechnikov is hit by Nikolaj Ehlers and loses puck.
3:00 of 3rd period - Shot by Andrei Svechnikov.
3:00 of 3rd period - Stopped by James Reimer without a rebound.
3:01 of 3rd period - Phillip Danault wins face-off versus Calle Jarnkrok in ANCHORAGE ACES zone.
3:54 of 3rd period - Shot by Eric Robinson.
3:54 of 3rd period - Shot Misses the Net.
3:56 of 3rd period - Shot by Kirby Dach.
3:56 of 3rd period - Stopped by James Reimer without a rebound.
3:57 of 3rd period - Cal Clutterbuck wins face-off versus Danton Heinen in ANCHORAGE ACES zone.
3:57 of 3rd period - Nate Thompson is hit by Milan Lucic and loses puck.
4:24 of 3rd period - Danton Heinen is hit by Nathan Beaulieu and loses puck.
5:31 of 3rd period - Icing by Ben Chiarot.
5:32 of 3rd period - Erik Haula wins face-off versus Connor McDavid in ANCHORAGE ACES zone.
5:46 of 3rd period - Nathan MacKinnon is hit by Darnell Nurse and loses puck.
5:51 of 3rd period - Shot by Nikolaj Ehlers.
5:51 of 3rd period - Goal by Nikolaj Ehlers - ANCHORAGE ACES : 3 - SAN FRANCISCO SPIDERS : 0.
5:52 of 3rd period - Phillip Danault wins face-off versus Andrei Svechnikov in neutral zone.
5:54 of 3rd period - Off-side.
5:55 of 3rd period - Jakob Silfverberg wins face-off versus Danton Heinen in neutral zone.
6:00 of 3rd period - Shot by Jakob Silfverberg.
6:00 of 3rd period - Shot Misses the Net.
6:02 of 3rd period - Shot by Jakob Silfverberg.
6:02 of 3rd period - Shot Misses the Net.
6:31 of 3rd period - Icing by Phillip Danault.
6:32 of 3rd period - Jakob Silfverberg wins face-off versus Erik Haula in ANCHORAGE ACES zone.
6:48 of 3rd period - Alexander Kerfoot is hit by Shea Weber and loses puck.
6:55 of 3rd period - Seth Jones is hit by Alexander Kerfoot and loses puck.
7:27 of 3rd period - Shot by Nathan MacKinnon.
7:27 of 3rd period - Deflect By Connor McDavid.
7:27 of 3rd period - Stopped by Igor Shesterkin with a rebound.
7:29 of 3rd period - Shot by Ben Chiarot.
7:29 of 3rd period - Stopped by Igor Shesterkin with a rebound.
7:31 of 3rd period - Shot by Nathan MacKinnon.
7:31 of 3rd period - Stopped by Igor Shesterkin with a rebound.
7:33 of 3rd period - Shot by Ben Chiarot.
7:33 of 3rd period - Stopped by Igor Shesterkin with a rebound.
7:35 of 3rd period - Shot by Nikolaj Ehlers.
7:35 of 3rd period - Stopped by Igor Shesterkin without a rebound.
7:36 of 3rd period - Nate Thompson wins face-off versus Kirby Dach in SAN FRANCISCO SPIDERS zone.
7:36 of 3rd period - Dominik Simon is hit by Tyler Myers and loses puck.
7:48 of 3rd period - Dominik Simon is hit by Tyler Myers and loses puck.
8:10 of 3rd period - Nate Thompson is hit by Sean Walker.
8:40 of 3rd period - Shot by Nathan MacKinnon.
8:40 of 3rd period - Stopped by Igor Shesterkin without a rebound.
8:41 of 3rd period - Jacob de la Rose wins face-off versus Danton Heinen in SAN FRANCISCO SPIDERS zone.
8:49 of 3rd period - Off-side.
8:50 of 3rd period - Phillip Danault wins face-off versus Calle Jarnkrok in neutral zone.
9:03 of 3rd period - Off-side.
9:04 of 3rd period - Connor McDavid wins face-off versus Danton Heinen in neutral zone.
10:29 of 3rd period - Seth Jones is hit by Owen Tippett and loses puck.
10:49 of 3rd period - Shot by Eric Robinson.
10:49 of 3rd period - Shot Misses the Net.
10:54 of 3rd period - Icing by Seth Jones.
10:55 of 3rd period - Phillip Danault wins face-off versus Erik Haula in ANCHORAGE ACES zone.
11:32 of 3rd period - Nate Schmidt is hit by Cal Clutterbuck and loses puck.
12:01 of 3rd period - Shot by Connor McDavid.
12:01 of 3rd period - Stopped by Igor Shesterkin with a rebound.
12:03 of 3rd period - Shot by Nikolaj Ehlers.
12:03 of 3rd period - Stopped by Igor Shesterkin without a rebound.
12:04 of 3rd period - Connor McDavid wins face-off versus Kirby Dach in SAN FRANCISCO SPIDERS zone.
12:13 of 3rd period - Shot by Connor McDavid.
12:13 of 3rd period - Shot Misses the Net.
12:15 of 3rd period - Shot by Nikolaj Ehlers.
12:15 of 3rd period - Stopped by Igor Shesterkin with a rebound.
12:49 of 3rd period - Shot by Connor McDavid.
12:49 of 3rd period - Shot Misses the Net.
12:51 of 3rd period - Shot by Zachary Werenski.
12:51 of 3rd period - Stopped by Igor Shesterkin with a rebound.
13:06 of 3rd period - Sean Walker is hit by Shea Weber and loses puck.
13:59 of 3rd period - Shot by Cal Clutterbuck.
13:59 of 3rd period - Deflect By Nate Thompson.
13:59 of 3rd period - Shot Misses the Net.
14:13 of 3rd period - Shot by Andrei Svechnikov.
14:13 of 3rd period - Stopped by James Reimer without a rebound.
14:14 of 3rd period - Calle Jarnkrok wins face-off versus Connor McDavid in ANCHORAGE ACES zone.
14:36 of 3rd period - Shot by Calle Jarnkrok.
14:36 of 3rd period - Stopped by James Reimer without a rebound.
14:37 of 3rd period - Milan Lucic wins face-off versus Phillip Danault in ANCHORAGE ACES zone.
14:37 of 3rd period - Milan Lucic is hit by Shea Weber.
14:38 of 3rd period - Minor Penalty to Shea Weber for Slashing.
14:39 of 3rd period - Milan Lucic wins face-off versus Phillip Danault in ANCHORAGE ACES zone.
14:42 of 3rd period - Shot by Darnell Nurse.
14:42 of 3rd period - Stopped by James Reimer without a rebound.
14:43 of 3rd period - Phillip Danault wins face-off versus Danton Heinen in ANCHORAGE ACES zone.
15:12 of 3rd period - Shot by Darnell Nurse.
15:12 of 3rd period - Stopped by James Reimer with a rebound.
15:14 of 3rd period - Shot by Andrei Svechnikov.
15:14 of 3rd period - Stopped by James Reimer with a rebound.
15:16 of 3rd period - Shot by Danton Heinen.
15:16 of 3rd period - Shot Misses the Net.
16:48 of 3rd period - Shot by Calle Jarnkrok.
16:48 of 3rd period - Stopped by James Reimer with a rebound.
16:58 of 3rd period - Shot by Dominik Kahun.
16:58 of 3rd period - Stopped by James Reimer with a rebound.
17:00 of 3rd period - Shot by Nate Schmidt.
17:00 of 3rd period - Stopped by James Reimer with a rebound.
17:02 of 3rd period - Shot by Jordan Oesterle.
17:02 of 3rd period - Stopped by James Reimer with a rebound.
17:08 of 3rd period - Shot by Nate Schmidt.
17:08 of 3rd period - Shot Blocked by Chris Kreider.
17:10 of 3rd period - Shot by Jordan Oesterle.
17:10 of 3rd period - Stopped by James Reimer without a rebound.
17:11 of 3rd period - Alexander Kerfoot wins face-off versus Nathan MacKinnon in ANCHORAGE ACES zone.
17:22 of 3rd period - Shot by Erik Haula.
17:22 of 3rd period - Shot Misses the Net.
17:24 of 3rd period - Shot by Alexander Kerfoot.
17:24 of 3rd period - Stopped by James Reimer without a rebound.
17:25 of 3rd period - Nate Thompson wins face-off versus Erik Haula in ANCHORAGE ACES zone.
17:29 of 3rd period - Zachary Werenski is hit by Sean Walker and loses puck.
17:56 of 3rd period - Shot by Alexander Kerfoot.
17:56 of 3rd period - Shot Misses the Net.
18:07 of 3rd period - Icing by Dominik Simon.
18:08 of 3rd period - Nate Thompson wins face-off versus Calle Jarnkrok in ANCHORAGE ACES zone.
18:35 of 3rd period - Shot by Calle Jarnkrok.
18:35 of 3rd period - Shot Misses the Net.
18:37 of 3rd period - Shot by Nate Schmidt.
18:37 of 3rd period - Shot Misses the Net.
19:02 of 3rd period - Icing by Dominik Simon.
19:03 of 3rd period - Nate Thompson wins face-off versus Danton Heinen in ANCHORAGE ACES zone.
Goals for this period are 1 for ANCHORAGE ACES vs 0 for SAN FRANCISCO SPIDERS.
Shots for this period are 13 for ANCHORAGE ACES vs 14 for SAN FRANCISCO SPIDERS.


NATHAN
MACKINNON
PHILLIP
DANAULT
CONNOR
MCDAVID

EAST COAST

HOCKEY LEAGUE

  • 25.QUE4CHI5
  • 26.CHA2LIM3
  • 27.TRV2LON3
  • 28.CHW4BAL2
  • 29.PITMAN
  • 30.ATLNHW
  • 31.WORPET
  • 32.RHI